 Dungeon Crawl Stone Soup version 0.31.0-12-g77e489cdc1 (webtiles) character file.

Game seed: 14697082904041219371

266 sking99 the Ducker (level 6, -8/53 HPs)
             Began as a Gnoll Monk on Feb 24, 2024.
             Mangled by Prince Ribbit (14 damage)
             ... on level 5 of the Dungeon.
             The game lasted 00:05:30 (4185 turns).

sking99 the Ducker (Gnoll Monk)                     Turns: 4185, Time: 00:05:31

Health: -8/53      AC:  9    Str: 12    XL:     6   Next: 20%
Magic:  17/17      EV:  8    Int:  9    God:
Gold:   216        SH:  0    Dex: 15    Spells: 8/8 levels left

rFire   . . .        a - +0 spear
rCold   . . .        d - orb {light}
rNeg    . . .        u - +0 chain mail
rPois   .            y - +1 hat
rElec   .            (no cloak)
rCorr   +            (no gloves)
SInv    .            (no boots)
Will    .....        (no amulet) Stlth
                     b - ring of resist corrosion
HPRegen 0.28/turn    i - ring of magical power
MPRegen 0.15/turn

%: no passive effects
@: glowing
A: fangs 1, strong nose, distributed training
a: no special abilities


You were on level 5 of the Dungeon.
You visited 1 branch of the dungeon, and saw 5 of its levels.

You collected 216 gold pieces.

Inventory:

Hand Weapons
 a - a +0 spear (weapon)
Missiles
 g - a throwing net (quivered)
Armour
 d - an orb of light (worn)
 e - a +0 kite shield
 n - a +0 plate armour
 u - a +0 chain mail (worn)
 y - a +1 hat (worn)
Jewellery
 b - a ring of resist corrosion (left hand)
 i - a ring of magical power (right hand)
Scrolls
 j - 4 scrolls of teleportation
 k - a scroll of poison {unknown}
 m - a scroll of vulnerability {unknown}
 o - 3 scrolls of identify {unknown}
 r - a scroll of blinking {unknown}
 v - 2 scrolls of fog {unknown}
 w - a scroll of butterflies {unknown}
Potions
 f - 3 potions of heal wounds {unknown}
 h - a potion of invisibility {unknown}
 l - 2 potions of haste {unknown}
 p - 4 potions of curing {unknown}
 q - 2 potions of degeneration {unknown}
 s - a potion of enlightenment {unknown}
 t - a potion of brilliance {unknown}
 x - a potion of might {unknown}


   Skills:
 + Level 6.8 Fighting
 + Level 1.9 Short Blades
 + Level 1.9 Long Blades
 + Level 1.9 Axes
 + Level 1.9 Maces & Flails
 + Level 6.8 Polearms
 + Level 1.9 Staves
 + Level 1.9 Ranged Weapons
 + Level 1.9 Throwing
 + Level 1.9 Armour
 + Level 6.8 Dodging
 + Level 1.9 Stealth
 + Level 1.9 Shields
 + Level 1.9 Unarmed Combat
 + Level 1.9 Spellcasting
 + Level 1.5 Conjurations
 + Level 1.5 Hexes
 + Level 1.5 Summonings
 + Level 1.5 Necromancy
 + Level 1.5 Translocations
 + Level 1.5 Fire Magic
 + Level 1.5 Ice Magic
 + Level 1.5 Air Magic
 + Level 1.5 Earth Magic
 + Level 1.5 Alchemy
 + Level 2.1 Invocations
 + Level 1.9 Evocations
 + Level 1.7 Shapeshifting


You had 8 spell levels left.
You didn't know any spells.
Your spell library contained the following spells:

 Spells                   Type           Power      Damage    Failure   Level
 Kiss of Death            Conj/Necr      12%        2d6       99%         1
 Ensorcelled Hibernation  Hex/Ice        6%         N/A       100%        2
 Confusing Touch          Hex            3%         N/A       100%        3
 Hailstorm                Conj/Ice       3%         3d5       100%        3
 Passwall                 Erth           3%         N/A       100%        3
 Summon Ice Beast         Ice/Summ       3%         N/A       100%        3
 Swiftness                Air            3%         N/A       100%        3
 Dispel Undead            Necr           3%         3d7       100%        4
 Sculpt Simulacrum        Ice/Alch       1%         N/A       100%        6


Dungeon Overview and Level Annotations

Branches:
Dungeon (5/15)
 Temple: D:4-7

Altars:
Fedhas

Shops:
D:2 :

Annotations:
D:4 3 runed translucent doors, aimeelou's ghost, novice MfSh; diceflayer's ghost, novice DsFi
D:5 Prince Ribbit


Innate Abilities, Weirdness & Mutations

You have very sharp teeth.
Your uncanny sense of smell can sniff out nearby items.
Your experience applies equally to all skills.


Message History

Prince Ribbit is heavily wounded.
Prince Ribbit hits you but does no damage.
You closely miss Prince Ribbit.
Prince Ribbit is heavily wounded.
Prince Ribbit hits you!
You hit Prince Ribbit. Your bite misses Prince Ribbit.
Prince Ribbit is heavily wounded.
Prince Ribbit croaks regally.
Prince Ribbit blinks!
Prince Ribbit croaks regally.
Prince Ribbit blinks!
Reach: a) +0 spear
Press: ? - help, Dir - move target, f/p - Prince Ribbit
Aim: Prince Ribbit (heavily wounded, haloed, about 36% to evade your +0 spear)
You barely miss Prince Ribbit.
Prince Ribbit is heavily wounded.
Prince Ribbit hits you!
You hit Prince Ribbit.
Prince Ribbit is heavily wounded.
Prince Ribbit hits you but does no damage.
You completely miss Prince Ribbit.
Prince Ribbit is heavily wounded.
Prince Ribbit hits you!
* * * LOW HITPOINT WARNING * * *
You hit Prince Ribbit.
Prince Ribbit is heavily wounded.
Prince Ribbit hits you.
* * * LOW HITPOINT WARNING * * *
You hit Prince Ribbit but do no damage.
Prince Ribbit is heavily wounded.
Prince Ribbit hits you.
* * * LOW HITPOINT WARNING * * *
You barely miss Prince Ribbit.
Prince Ribbit is heavily wounded.
Prince Ribbit completely misses you.
You closely miss Prince Ribbit.
Prince Ribbit is heavily wounded.
Prince Ribbit hops awkwardly around.
Prince Ribbit hits you!
You die...

... ###..#
$...#....###
....#......##
......>.....#
.............###
...............###
.................#
##...............##
#........†.....F@.#
#................##
.#.......(......##
#................#
#.....##....#.#...[
.......
#....#####...
....... ##...# ...
....... #.### ...#
....... ..#


You could see Prince Ribbit.

Vanquished Creatures
  A sleepcap (D:4)
  Natasha (thrice) (D:2)
  7 adders
  4 gnolls
  A dart slug (D:1)
  A ribbon worm (D:2)
  A ball python (D:4)
  4 endoplasms
  4 giant cockroaches
  5 hobgoblins
  9 jackals
  A quokka (D:1)
  5 bats
  A frilled lizard (D:1)
  6 goblins
  6 kobolds
  5 rats
64 creatures vanquished.

Notes
Turn   | Place    | Note
-------+----------+-------------------------------------------
     0 | D:1      | sking99 the Gnoll Monk began the quest for the Orb.
     0 | D:1      | Reached XP level 1. HP: 23/23 MP: 1/1
   211 | D:1      | Reached XP level 2. HP: 24/29 MP: 2/2
   727 | D:2      | Found Sithaqed's Vocational Training.
   736 | D:2      | Reached XP level 3. HP: 35/35 MP: 3/3
   806 | D:2      | Noticed Natasha
   817 | D:2      | Killed Natasha
   818 | D:2      | Reached skill level 1 in Short Blades
   818 | D:2      | Reached skill level 1 in Long Blades
   818 | D:2      | Reached skill level 1 in Axes
   818 | D:2      | Reached skill level 1 in Maces & Flails
   818 | D:2      | Reached skill level 1 in Staves
   818 | D:2      | Reached skill level 1 in Ranged Weapons
   818 | D:2      | Reached skill level 1 in Throwing
   818 | D:2      | Reached skill level 1 in Armour
   818 | D:2      | Reached skill level 1 in Stealth
   818 | D:2      | Reached skill level 1 in Shields
   818 | D:2      | Reached skill level 1 in Unarmed Combat
   818 | D:2      | Reached skill level 1 in Spellcasting
   818 | D:2      | Reached skill level 1 in Invocations
   818 | D:2      | Reached skill level 1 in Evocations
   882 | D:2      | Reached skill level 1 in Shapeshifting
   882 | D:2      | Reached XP level 4. HP: 25/41 MP: 5/5
   919 | D:2      | Noticed Natasha
   932 | D:2      | Killed Natasha
   933 | D:2      | Reached skill level 1 in Conjurations
   933 | D:2      | Reached skill level 1 in Hexes
   933 | D:2      | Reached skill level 1 in Summonings
   933 | D:2      | Reached skill level 1 in Necromancy
   933 | D:2      | Reached skill level 1 in Translocations
   933 | D:2      | Reached skill level 1 in Fire Magic
   933 | D:2      | Reached skill level 1 in Ice Magic
   933 | D:2      | Reached skill level 1 in Air Magic
   933 | D:2      | Reached skill level 1 in Earth Magic
   933 | D:2      | Reached skill level 1 in Alchemy
   951 | D:2      | Noticed Natasha
   966 | D:2      | Killed Natasha
   967 | D:2      | Reached XP level 5. HP: 19/47 MP: 5/7
  3305 | D:4      | Reached XP level 6. HP: 5/53 MP: 8/8
  3665 | D:4      | Found a runed translucent gate.
  3665 | D:4      | Found a runed translucent gate.
  3666 | D:4      | Found a runed translucent gate.
  3667 | D:4      | Noticed diceflayer's ghost (novice DsFi)
  3667 | D:4      | Noticed aimeelou's ghost (novice MfSh)
  3702 | D:4      | Found a blossoming altar of Fedhas.
  4016 | D:5      | Entered Level 5 of the Dungeon
  4026 | D:5      | Noticed Prince Ribbit
  4185 | D:5      | Mangled by Prince Ribbit

Illustrated notes

Levels and vault maps discovered:
D:1:      lemuel_arrival_lava_pool, layout_rooms
D:2:      layout_loops_ring, glass_columns_a, nicolae_shop_vocational,
          uniq_natasha
D:3:      layout_loops_ring, serial_forest, infiniplex_forest_split,
          infiniplex_forest_end_3, infiniplex_forest_clump_curved,
          infiniplex_forest_lined_room_3, infiniplex_forest_clump_medium,
          infiniplex_forest_pool
D:4:      layout_rooms, fedhas_ov_isle_minmay, gammafunk_ghost_cemetery,
          serial_forest, infiniplex_forest_clump_tiny,
          infiniplex_forest_straight_4, infiniplex_forest_clump_curved,
          infiniplex_forest_straight_4, infiniplex_forest_clump_long,
          infiniplex_forest_zigzag_2, infiniplex_forest_corner_1
D:5:      layout_cave_pools, grunt_gozag_breadcrumbs,
          mainiacjoe_overflow_six_doors_small, uniq_prince_ribbit1

Skill      XL: |  1  2  3  4  5 |
---------------+----------------+-----
Short Blades   | 1 |  1.9
Long Blades    | 1 |  1.9
Axes           | 1 |  1.9
Maces & Flails | 1 |  1.9
Staves         | 1 |  1.9
Ranged Weapons | 1 |  1.9
Throwing       | 1 |  1.9
Armour         | 1 |  1.9
Stealth        | 1 |  1.9
Shields        | 1 |  1.9
Unarmed Combat | 1 |  1.9
Spellcasting   | 1 |  1.9
Invocations    | 1 2 |  2.1
Evocations     | 1 |  1.9
Shapeshifting  | 1 |  1.7
Conjurations   | 1 |  1.5
Hexes          | 1 |  1.5
Summonings     | 1 |  1.5
Necromancy     | 1 |  1.5
Translocations | 1 |  1.5
Fire Magic     | 1 |  1.5
Ice Magic      | 1 |  1.5
Air Magic      | 1 |  1.5
Earth Magic    | 1 |  1.5
Alchemy        | 1 |  1.5
Fighting       | |  6.8
Polearms       | |  6.8
Dodging        | |  6.8

Action                     |  1- 3 |  4- 6 || total
---------------------------+-------+-------++-------
  Melee: Spear             |    83 |   227 ||   310
         Bite              |    11 |    36 ||    47
    Use: Scroll            |       |     2 ||     2
         Potion            |       |     1 ||     1
 Armour: Robe              |     7 |       ||     7
         Plate armour      |    31 |    44 ||    75
         Chain mail        |       |   101 ||   101
  Dodge: Dodged            |    22 |    58 ||    80
